 Dungeon Crawl Stone Soup version 0.18.1-6-gd335043 (webtiles) character file.

15596 pipel the Martial Artist (level 12, -3/101 HPs)
             Began as a Demonspawn Chaos Knight on May 15, 2016.
             Slain by a komodo dragon (21 damage)
             ... on level 2 of the Lair of Beasts.
             The game lasted 01:02:05 (15971 turns).

pipel the Martial Artist (Demonspawn Chaos Knight) Turns: 15971, Time: 01:02:06

Health: -3/101     AC: 20    Str: 13    XL:     12   Next: 2%
Magic:  15/15      EV:  4    Int: 12    God:    Xom [......]
Gold:   936        SH:  0    Dex: 15    Spells: 0 memorised, 11 levels left

rFire  + . .     SeeInvis +       - Unarmed
rCold  . . .     Gourm    .     e - +2 chain mail {rF+}
rNeg   + . .     Faith    .     (no shield)
rPois  +         Spirit   .     (helmet unavailable)
rElec  .         Dismiss  .     c - +2 cloak
rCorr  .         Reflect  .     (no gloves)
SustAt +         Harm     .     M - +0 pair of boots
MR     .....                    (no amulet)
Stlth  ..........               P - ring of positive energy
                                N - ring of sustain attributes

@: not resistant to hostile enchantments, extremely unstealthy
A: antennae 3, rugged brown scales 2, clumsy 1, demonic guardian 1, dopey 1,
high mp 1, poison resistance, slow regeneration 1
a: Renounce Religion


You were on level 2 of the Lair of Beasts.
You worshipped Xom.
You were a very special plaything of Xom.
You were not hungry.

You visited 2 branches of the dungeon, and saw 13 of its levels.
You also visited: Ossuary.

You collected 936 gold pieces.

Inventory:

Armour
 c - a +2 cloak (worn)
 e - a +2 chain mail of fire resistance (worn)
 v - a +2 leather armour
 M - a +0 pair of boots (worn)
Magical Staves
 m - an uncursed staff of power
 t - an uncursed staff of wizardry
Rods
 a - a +3 rod of ignition (13/13)
   (Xom gifted it to you on level 3 of the Dungeon)
Jewellery
 d - an uncursed ring of resist corrosion
 j - an uncursed ring of stealth
 n - an uncursed amulet of dismissal
 N - a ring of sustain attributes (left hand)
 P - a ring of positive energy (right hand)
Wands
 f - a wand of lightning (4/15)
 o - a wand of polymorph (9/24)
 y - a wand of iceblast (6/15)
 O - a wand of lightning (4/15)
Scrolls
 g - a scroll of recharging
 i - 7 scrolls of identify
 w - 4 scrolls of amnesia
 z - 8 scrolls of remove curse
 C - 9 scrolls of teleportation
 D - a scroll of enchant armour
 K - a scroll of fear
 Q - a scroll of fog
 S - 3 scrolls of magic mapping
Potions
 h - 5 potions of heal wounds
 p - 2 potions of brilliance
 r - a potion of haste
 s - 3 potions of flight
 u - a potion of cure mutation
 x - 4 potions of might
 A - a potion of lignification
 B - 6 potions of curing
 E - a potion of agility
 F - a potion of resistance
 H - 2 potions of ambrosia
Books
 G - a Young Poisoner's Handbook

   Spells                             Type                      Level
   a - Sting                          Conjuration/Poison           1
   b - Cure Poison                    Poison                       2
   c - Mephitic Cloud                 Conjuration/Poison/Air       3
   d - Olgreb's Toxic Radiance        Poison                       4
   e - Venom Bolt                     Conjuration/Poison           5
 I - a book of Geomancy

   Spells                             Type                      Level
   a - Sandblast                      Earth                        1
   b - Passwall                       Transmutation/Earth          2
   c - Stone Arrow                    Conjuration/Earth            3
   d - Petrify                        Transmutation/Earth          4
   e - Lee's Rapid Deconstruction     Earth                        5
 L - a book of the Sky

   Spells                             Type                      Level
   a - Summon Lightning Spire         Summoning/Air                4
   b - Airstrike                      Air                          4
   c - Silence                        Hexes/Air                    5
   d - Deflect Missiles               Charms/Air                   6
   e - Conjure Ball Lightning         Conjuration/Air              6
   f - Tornado                        Air                          9
Comestibles
 b - 11 bread rations
 k - 6 meat rations
 l - 2 royal jellies
 q - 3 fruits
 J - 8 slices of pizza
 R - 3 chunks of flesh


   Skills:
 + Level 10.1 Fighting
 + Level 9.2 Armour
 + Level 6.9 Dodging
 - Level 0.6 Stealth
 + Level 10.8 Unarmed Combat
 + Level 3.3 Evocations


You had 11 spell levels left.
You didn't know any spells.

Dungeon Overview and Level Annotations

Branches:
Dungeon (11/15)            Temple (0/1) D:4            Lair (2/8) D:8
    Orc (0/2) D:11

Altars:
Ashenzari
Cheibriados
Dithmenos
Fedhas
Nemelex Xobeh
Pakellas
Ru
Sif Muna
Trog
Vehumet
Xom
Yredelemnul
Zin
Beogh

Shops:
D:4 }   D:6 (

Annotations:
D:4 puimuR's ghost, weakling TrWr
Lair:2 Anouleth's ghost, journeyman OgHu; Gastronok


Innate Abilities, Weirdness & Mutations

You have a pair of large antennae on your head (SInv).
You are mostly covered in rugged brown scales (AC +2, +5% HP).
A weak demonic guardian rushes to your aid.
You are clumsy. (Dex -2)
You are dopey. (Int -2)
You have an increased reservoir of magic (+10% MP).
Your system is resistant to poisons.
You regenerate slowly when monsters are visible.


Message History

The sixfirhy shocks your quasit! The sixfirhy hits your quasit!
Your quasit dies!
The ynoxinul gestures at you. The iron shot hits you!
You climb downwards.
Level annotation: Gastronok Anouleth's ghost (journeyman Ogre Hunter) comes into view.
It is wielding a weapon of protection.
Anouleth's ghost turns its malevolent gaze towards you.
The komodo dragon barely misses you. The komodo dragon bites you!!
* * * LOW HITPOINT WARNING * * *
The iguana bites you but does no damage.
There is a stone staircase leading up, spattered with blood here.
You take 43 damage, and have 18/101 hp.
MASSIVE DAMAGE!!
There is a stone staircase leading up here.
Anouleth's ghost hits you.
* * * LOW HITPOINT WARNING * * *
The iguana bites you but does no damage.
The komodo dragon bites you!!
You die...
Xom chortles!

##..##..####......#P.#.#...
#..##.P# ##.....##.....+..
#l###...##......P#....P...
##.P#P....##.....##.....#..
#..###...###...........##..
##.# #######......#....##..
#.########......'.........
##....##.##......#.#...#...
#P.......l@..>...##.....#..
##.......l.W...............
#......<............w.....
#...........................
#...........................
###..P......#...............
#.........................
#.P.......P...............
#..........................


You could see a komodo dragon, an iguana and Anouleth's ghost.

Vanquished Creatures
  Maud (D:9)
  The ghost of feelmyfire the Spear-Bearer, a novice MiFi of Okawaru (D:8)
  2 unseen horrors (D:11)
  2 spiny frogs (Lair:1)
  2 komodo dragons
  A troll (D:9)
  A shadow (D:11)
  A human (D:8)
  A steam dragon (D:7)
  14 yaks
  2 hippogriffs
  Duvessa (D:7)
  5 water moccasins
  A porcupine (shapeshifter) (D:4)
  7 porcupines
  3 sky beasts
  2 black bears
  6 orc warriors
  An ice beast (D:10)
  A phantom (D:11)
  A wasp (D:8)
  A necrophage (D:9)
  3 ogres
  2 centaurs
  2 crocodiles
  A big kobold (D:9)
  The ghost of NoLuckNoSkill the Magician, an amateur DEAE (D:3)
  8 giant frogs
  A wyvern zombie (D:10)
  2 water moccasin zombies (Ossuary)
  A water moccasin skeleton (D:10)
  3 scorpions
  Dowan (D:7)
  4 killer bees
  3 wights (D:6)
  4 howler monkeys
  5 giant frog zombies (Ossuary)
  2 crimson imps
  5 bog bodies (Ossuary)
  4 hounds
  6 jellies
  A centaur zombie (Ossuary)
  8 orc priests
  12 iguanas
  5 centaur skeletons
  A giant frog skeleton (D:11)
  A gnoll shaman (D:6)
  Terence (D:3)
  10 orc wizards
  9 worker ants
  A killer bee zombie (Ossuary)
  8 hound zombies
  2 hound skeletons
  9 mummies
  6 worker ant zombies
  Robin (D:2)
  8 adders
  5 gnolls (D:6)
  13 river rats (Lair:1)
  2 shadow imps
  2 oozes (D:5)
  2 adder zombies
  An adder skeleton (D:6)
  6 worms
  2 dart slugs
  6 giant geckos
  43 orcs
  7 bats
  8 giant cockroaches
  9 hobgoblins
  7 jackals
  5 quokkas
  6 ball pythons
  A giant cockroach zombie (Ossuary)
  2 giant gecko zombies (Ossuary)
  3 giant newts
  2 gnoll zombies (D:7)
  18 goblins
  A hobgoblin zombie (D:6)
  11 kobolds
  A kobold zombie (D:6)
  A quokka zombie (D:9)
  11 rats
373 creatures vanquished.

Vanquished Creatures (collateral kills)
  2 spiny frogs
  A fire bat (D:8)
  2 yaks (D:9)
  2 hippogriffs
  A phantom (D:6)
  A sky beast (D:11)
  3 ogres
  4 giant frogs
  A howler monkey (D:7)
  A giant frog zombie (Ossuary)
  An orc wizard (D:11)
  A centaur skeleton (D:10)
  An orc priest (D:11)
  A worker ant (D:6)
  2 adders
  2 orcs
26 creatures vanquished.

Vanquished Creatures (others)
  3 killer bees (D:9)
  2 orcs
  A fungus (Lair:2)
  A plant (Lair:2)
  2 withered plants (Ossuary)
9 creatures vanquished.

Grand Total: 408 creatures vanquished

Notes
Turn   | Place    | Note
--------------------------------------------------------------
     0 | D:1      | pipel the Demonspawn Chaos Knight began the quest for the Orb.
     0 | D:1      | Reached XP level 1. HP: 18/18 MP: 1/1
    56 | D:1      | XOM: silly message
   112 | D:1      | XOM: harmless Hex miscast
   142 | D:1      | Gained mutation: You have a pair of small antennae on your head. [demonic ancestry]
   142 | D:1      | Reached XP level 2. HP: 24/24 MP: 2/2
   235 | D:1      | XOM: divination: magic mapping
   237 | D:1      | XOM: divination: detect creatures
   343 | D:1      | Reached skill level 1 in Dodging
   577 | D:1      | XOM: colour smoke trail
   684 | D:1      | XOM: colour smoke trail
   877 | D:1      | Gained mutation: You have a pair of antennae on your head. [demonic ancestry]
   877 | D:1      | Reached XP level 3. HP: 25/29 MP: 3/3
   925 | D:2      | XOM: smoke on damage
  1321 | D:2      | XOM: confuse monster(s)
  1325 | D:2      | XOM: confuse monster(s)
  1412 | D:2      | XOM: polymorph goblin -> giant gecko
  1436 | D:2      | Noticed Robin
  1471 | D:1      | XOM: polymorph dart slug -> jackal
  1473 | D:1      | Reached XP level 4. HP: 18/36 MP: 4/4
  1566 | D:2      | Killed Robin
  1692 | D:2      | Found a shadowy altar of Dithmenos.
  1890 | D:3      | Noticed Terence
  1922 | D:3      | XOM: fog
  1941 | D:3      | Killed Terence
  2094 | D:3      | XOM: 6-stop teleportation journey
  2196 | D:3      | Noticed NoLuckNoSkill's ghost (amateur DEAE)
  2214 | D:3      | XOM: enchant monster (good)
  2216 | D:3      | XOM: swap monsters
  2225 | D:3      | XOM: cast spell 'Leda's Liquefaction'
  2231 | D:3      | XOM: polymorph rat -> hobgoblin
  2236 | D:3      | XOM: vitrification
  2239 | D:3      | Killed NoLuckNoSkill's ghost
  2239 | D:3      | Gained mutation: You are partially covered in rugged brown scales (AC +1, +3% HP). [demonic ancestry]
  2239 | D:3      | Reached XP level 5. HP: 12/43 MP: 5/5
  2248 | D:3      | XOM: harmless Tloc miscast
  2307 | D:2      | Found a shadowy altar of Dithmenos.
  2320 | D:2      | XOM: vitrification
  2436 | D:2      | XOM: give mutations
  2436 | D:2      | Gained mutation: Your system is resistant to poisons. [Xom's grace]
  2436 | D:2      | Gained mutation: You are robust (+10% HP). [Xom's grace]
  2524 | D:2      | Found a shadowy altar of Dithmenos.
  2698 | D:3      | XOM: god gift: thick glowing rod {god gift}
  2700 | D:3      | Identified a +3 rod of ignition (13/13) (Xom gifted it to you on level 3 of the Dungeon)
  2950 | D:4      | Found a staircase to the Ecumenical Temple.
  3016 | D:4      | XOM: 2-stop teleportation journey
  3074 | D:4      | Noticed puimuR's ghost (weakling TrWr)
  3279 | D:3      | XOM: give mutations
  3279 | D:3      | Gained mutation: You have large cloven feet. [Xom's grace]
  3279 | D:3      | Gained mutation: You are resistant to hostile enchantments. [Xom's grace]
  3405 | D:3      | XOM: 3-stop teleportation journey
  3460 | D:3      | XOM: confuse monster(s)
  3469 | D:3      | Reached XP level 6. HP: 41/54 MP: 6/6
  3793 | D:4      | Found Laemuck's Gadget Shop.
  3873 | D:4      | XOM: smoke on damage
  3936 | D:3      | XOM: fog
  4426 | D:4      | XOM: polymorph hound -> iguana
  4439 | D:4      | Noticed a wyvern
  4439 | D:4      | a wasp changed into a wyvern
  4445 | D:4      | Lost mutation: You are resistant to hostile enchantments. [potion of cure mutation]
  4445 | D:4      | Lost mutation: You have large cloven feet. [potion of cure mutation]
  4445 | D:4      | Lost mutation: You are robust (+10% HP). [potion of cure mutation]
  4445 | D:4      | Lost mutation: Your system is resistant to poisons. [potion of cure mutation]
  4445 | D:4      | Noticed a porcupine
  4445 | D:4      | a wyvern changed into a porcupine
  4457 | D:4      | XOM: harmless Trmt miscast
  4458 | D:4      | Killed a porcupine
  4458 | D:4      | Reached skill level 1 in Evocations
  4458 | D:4      | Gained mutation: A weak demonic guardian rushes to your aid. [demonic ancestry]
  4458 | D:4      | Reached XP level 7. HP: 56/56 MP: 7/7
  4494 | D:5      | Entered Level 5 of the Dungeon
  4497 | D:5      | Found a blossoming altar of Fedhas.
  4520 | D:5      | XOM: god gift: potion of heal wounds
  4553 | D:5      | XOM: cast spell 'Confusing Touch'
  4578 | D:5      | Reached skill level 5 in Unarmed Combat
  4589 | D:5      | Found a deep blue altar of Sif Muna.
  4590 | D:5      | XOM: confuse monster(s)
  4616 | D:5      | XOM: cast spell 'Shadow Creatures'
  4720 | D:5      | XOM: summons friendly white imp
  4916 | D:5      | XOM: mild Chrm miscast
  4937 | D:5      | XOM: cast spell 'Cause Fear'
  5292 | D:6      | Gained mutation: You are mostly covered in rugged brown scales (AC +2, +5% HP). [demonic ancestry]
  5292 | D:6      | Reached XP level 8. HP: 48/64 MP: 8/8
  5342 | D:6      | Reached skill level 5 in Fighting
  5353 | D:6      | XOM: give mutations
  5353 | D:6      | Gained mutation: You are frail (-10% HP). [Xom's mischief]
  5353 | D:6      | Gained mutation: You are dopey. (Int -2) [Xom's mischief]
  5353 | D:6      | Gained mutation: Scrolls take you a little longer to read. [Xom's mischief]
  5353 | D:6      | Lost mutation: You are frail (-10% HP). [Xom's mischief]
  5371 | D:6      | XOM: smoke on damage
  5419 | D:5      | Found a deep blue altar of Sif Muna.
  5434 | D:5      | XOM: 3-stop teleportation journey
  5467 | D:5      | XOM: 2-stop teleportation journey
  5468 | D:5      | Found a blossoming altar of Fedhas.
  5617 | D:6      | XOM: summons 2 friendly demons
  5688 | D:6      | Found Racwiuvi's Antique Weapon Emporium.
  5698 | D:6      | Found a sacrificial altar of Ru.
  5709 | D:6      | Reached skill level 5 in Armour
  5710 | D:6      | Found an oddly glowing altar of Pakellas.
  5710 | D:6      | Found a radiant altar of Vehumet.
  5733 | D:6      | Found a shadowy altar of Dithmenos.
  5733 | D:6      | Found a sparkling altar of Nemelex Xobeh.
  5733 | D:6      | Found a snail-covered altar of Cheibriados.
  5739 | D:6      | Found a glowing silver altar of Zin.
  5853 | D:6      | Found a sand-covered staircase.
  5868 | Ossuary  | Entered an ossuary
  5883 | Ossuary  | XOM: harmless Air miscast
  5981 | Ossuary  | XOM: 3-stop teleportation journey
  6057 | Ossuary  | XOM: noise
  6162 | Ossuary  | XOM: severe Pois miscast
  6169 | Ossuary  | Reached XP level 9. HP: 39/72 MP: 10/10
  6197 | Ossuary  | XOM: 5-stop teleportation journey
  6291 | Ossuary  | XOM: give mutations
  6291 | Ossuary  | Gained mutation: You are robust (+10% HP). [Xom's mischief]
  6291 | Ossuary  | Gained mutation: Your body sometimes deteriorates upon taking damage. [Xom's mischief]
  6489 | Ossuary  | XOM: torment (41/79 hp)
  6526 | Ossuary  | XOM: enchant monster (bad)
  6806 | D:6      | XOM: god gift: 15 stones
  7065 | D:7      | XOM: polymorph orc wizard -> steam dragon
  7070 | D:7      | XOM: fog
  7102 | D:7      | XOM: fog
  7197 | D:7      | Found a basalt altar of Yredelemnul.
  7327 | D:7      | Noticed Duvessa
  7327 | D:7      | Noticed Dowan
  7334 | D:7      | Killed Dowan
  7337 | D:7      | Killed Duvessa
  7393 | D:7      | XOM: 1-stop teleportation journey
  7445 | D:7      | XOM: 2-stop teleportation journey
  7950 | D:8      | Found a staircase to the Lair.
  7950 | D:8      | Noticed a komodo dragon
  7955 | D:8      | Noticed feelmyfire's ghost (novice MiFi)
  7957 | D:8      | XOM: polymorph giant frog -> wasp
  8004 | D:8      | XOM: medium Divn miscast
  8026 | D:8      | XOM: polymorph wasp -> fire bat
  8077 | D:9      | XOM: noise
  8079 | D:9      | XOM: smoke on damage
  8083 | D:9      | Killed a komodo dragon
  8450 | D:9      | Found a shattered altar of Ashenzari.
  8459 | D:9      | XOM: colour smoke trail
  8500 | D:9      | Reached skill level 5 in Dodging
  8502 | D:9      | Found a shimmering altar of Xom.
  8502 | D:9      | Found a shimmering altar of Xom.
  8538 | D:9      | XOM: confusion
  8545 | D:9      | Found a shimmering altar of Xom.
  8554 | D:9      | Found a shimmering altar of Xom.
  8587 | D:9      | XOM: confusion (+ monsters)
  8608 | D:8      | XOM: blink monster(s)
  8609 | D:8      | Reached XP level 10. HP: 55/89 MP: 11/11
  8906 | D:8      | Noticed a moth of wrath
  8919 | D:8      | Found a bloodstained altar of Trog.
  8924 | D:8      | XOM: mild Ice miscast
  8929 | D:8      | XOM: summons friendly crimson imp
  8931 | D:8      | XOM: blink monster(s)
  8950 | D:8      | XOM: confusion
  8982 | D:8      | Killed feelmyfire's ghost
  9013 | D:8      | XOM: give mutations
  9013 | D:8      | Gained mutation: You are weak. (Str -2) [Xom's mischief]
  9013 | D:8      | Lost mutation: You are weak. (Str -2) [Xom's mischief]
  9013 | D:8      | Gained mutation: You occasionally shout uncontrollably at your foes. [Xom's mischief]
  9170 | D:8      | XOM: enchant monster (good)
  9195 | D:8      | XOM: divination: magic mapping
  9199 | D:8      | Found a bloodstained altar of Trog.
  9644 | D:9      | XOM: swap monsters
  9780 | D:9      | XOM: give mutations
  9780 | D:9      | Gained mutation: Your muscles are strong. (Str +2) [Xom's grace]
  9780 | D:9      | Gained mutation: You have an increased reservoir of magic (+10% MP). [Xom's grace]
  9780 | D:9      | Lost mutation: Scrolls take you a little longer to read. [Xom's grace]
  9780 | D:9      | Gained mutation: You have supernaturally acute eyesight. [Xom's grace]
  9780 | D:9      | Gained mutation: You are somewhat resistant to further mutation. [Xom's grace]
  9816 | D:9      | Found a shimmering altar of Xom.
  9816 | D:9      | Found a shimmering altar of Xom.
  9921 | D:9      | XOM: harmless Divn miscast
 10014 | D:10     | Entered Level 10 of the Dungeon
 10157 | D:10     | Noticed Maud
 10163 | D:10     | XOM: potion effect (heal wounds)
 10171 | D:10     | XOM: harmless Necr miscast
 10174 | D:10     | XOM: noise
 10182 | D:10     | XOM: confuse monster(s)
 10205 | D:10     | XOM: harmless Tloc miscast
 10209 | D:10     | XOM: potion effect (might)
 10241 | D:10     | XOM: enchant monster (good)
 10268 | D:10     | XOM: chaos upgrade
 10286 | D:9      | XOM: chaos upgrade
 10340 | D:9      | Killed Maud
 10340 | D:9      | Reached XP level 11. HP: 45/100 MP: 12/14
 10558 | D:9      | XOM: enchant monster (bad)
 10593 | D:9      | XOM: stat loss: -1 Str (14/15)
 10664 | D:8      | Found a staircase to the Lair.
 10735 | D:8      | XOM: stat loss: -1 Int (11/12)
 10762 | D:8      | Found a bloodstained altar of Trog.
 10852 | D:8      | Found a bloodstained altar of Trog.
 11112 | D:9      | XOM: repel stairs
 11113 | D:9      | XOM: destruction
 11244 | D:8      | Found a staircase to the Lair.
 11342 | D:8      | Found a bloodstained altar of Trog.
 11506 | D:10     | XOM: confuse monster(s)
 11700 | D:9      | Found a shimmering altar of Xom.
 11700 | D:9      | Found a shimmering altar of Xom.
 11700 | D:9      | Found a shimmering altar of Xom.
 11700 | D:9      | Found a shimmering altar of Xom.
 11704 | D:9      | Found a shimmering altar of Xom.
 11704 | D:9      | Found a shimmering altar of Xom.
 11871 | D:9      | Found a shattered altar of Ashenzari.
 11898 | D:9      | Noticed a shining eye
 12065 | D:10     | XOM: 1-stop teleportation journey
 12209 | D:10     | Gained mutation: You regenerate slowly when monsters are visible. [mutagenic meat]
 12739 | D:11     | Noticed an unseen horror
 12742 | D:11     | XOM: polymorph quasit -> iron imp
 12747 | D:11     | Killed an unseen horror
 12755 | D:11     | XOM: god gift: 44 gold pieces
 12764 | D:11     | Lost mutation: You are robust (+10% HP). [mutagenic meat]
 12766 | D:11     | Lost mutation: You occasionally shout uncontrollably at your foes. [mutagenic meat]
 12807 | D:11     | Lost mutation: You have supernaturally acute eyesight. [mutagenic meat]
 12809 | D:11     | Gained mutation: You have a pair of large antennae on your head (SInv). [mutagenic meat]
 12810 | D:11     | Gained mutation: Your system is resistant to poisons. [mutagenic meat]
 12896 | D:11     | Noticed an unseen horror
 12914 | D:11     | Killed an unseen horror
 12956 | D:11     | Found an oddly glowing altar of Pakellas.
 12981 | D:11     | XOM: fake destruction
 12997 | D:11     | Reached skill level 10 in Unarmed Combat
 13294 | D:11     | XOM: smoke on damage
 13363 | D:11     | Found a staircase to the Orcish Mines.
 13387 | D:11     | XOM: enchant monster (bad)
 13397 | D:11     | XOM: summons 2 friendly demons
 13426 | D:11     | Found a roughly hewn altar of Beogh.
 13434 | D:11     | XOM: confusion (+ monsters)
 13441 | D:11     | XOM: confuse monster(s)
 13683 | Lair:1   | Entered Level 1 of the Lair of Beasts
 14011 | Lair:1   | XOM: blink monster(s)
 14067 | Lair:1   | XOM: divination: magic mapping
 14364 | Lair:1   | XOM: enchant monster (good)
 14366 | Lair:1   | XOM: cast spell 'Monstrous Menagerie'
 14414 | Lair:1   | XOM: harmless Pois miscast
 14604 | Lair:1   | XOM: give mutations
 14604 | Lair:1   | Lost mutation: You are somewhat resistant to further mutation. [Xom's mischief]
 14604 | Lair:1   | Gained mutation: You are frail (-10% HP). [Xom's mischief]
 14604 | Lair:1   | Lost mutation: Your muscles are strong. (Str +2) [Xom's mischief]
 14604 | Lair:1   | Gained mutation: You are clumsy. (Dex -2) [Xom's mischief]
 14685 | Lair:1   | Gained mutation: You are very frail (-20% HP). [potion of mutation]
 14685 | Lair:1   | Gained mutation: Your body often deteriorates upon taking damage. [potion of mutation]
 14686 | Lair:1   | Gained mutation: You expend magic power (3 MP) to strengthen your wands. [potion of mutation]
 14716 | Lair:1   | Lost mutation: Your body often deteriorates upon taking damage. [potion of cure mutation]
 14716 | Lair:1   | Lost mutation: You expend magic power (3 MP) to strengthen your wands. [potion of cure mutation]
 14716 | Lair:1   | Lost mutation: You are very frail (-20% HP). [potion of cure mutation]
 14716 | Lair:1   | Lost mutation: Your body sometimes deteriorates upon taking damage. [potion of cure mutation]
 14716 | Lair:1   | Lost mutation: You are frail (-10% HP). [potion of cure mutation]
 14835 | Lair:2   | XOM: severe Erth miscast
 14887 | Lair:2   | XOM: chaos cloud
 14910 | Lair:2   | XOM: harmless Pois miscast
 15178 | Lair:1   | XOM: smoke on damage
 15183 | Lair:1   | Reached skill level 10 in Fighting
 15442 | Lair:2   | XOM: summons friendly ufetubus
 15550 | Lair:2   | XOM: 2-stop teleportation journey
 15653 | Lair:2   | XOM: summons 3 hostile shadow creatures
 15770 | Lair:2   | Reached XP level 12. HP: 47/101 MP: 15/15
 15861 | Lair:2   | Noticed Gastronok
 15966 | Lair:1   | XOM: summons 6 hostile demons
 15968 | Lair:2   | Noticed Anouleth's ghost (journeyman OgHu)
 15971 | Lair:2   | Slain by a komodo dragon

Skill      XL: |  1  2  3  4  5  6  7  8  9 10 11 |
---------------+----------------------------------+-----
Unarmed Combat | 3 4 5 6 8 9 10 | 10.8
Armour         | 2 3 4 5 6 8 9 |  9.2
Dodging        | 1 2 3 4 5 6 |  6.9
Fighting       | 4 6 7 8 10 | 10.1
Evocations     | 1 2 3 |  3.3
Stealth        | |  0.6

Action                   |  1- 3 |  4- 6 |  7- 9 | 10-12 || total
-------------------------+-------+-------+-------+-------++-------
Melee: Unarmed           |   207 |   430 |   751 |   778 ||  2166
       Punch             |     3 |     7 |    19 |    21 ||    50
       Kick              |       |    54 |       |       ||    54
Evoke: Rod               |       |     7 |    11 |    21 ||    39
       Wand              |       |       |       |     5 ||     5
  Use: Potion            |     3 |     9 |     7 |    10 ||    29
       Scroll            |     3 |     5 |     6 |     7 ||    21
 Stab: Sleeping          |     2 |     2 |       |       ||     4
       Confused          |       |     1 |     1 |     3 ||     5
       Distracted        |       |       |     2 |       ||     2
       Invisible         |       |       |     1 |       ||     1
       Paralysed         |       |       |       |     2 ||     2
  Eat: Chunk             |     2 |    13 |    18 |    51 ||    84
       Fruit             |       |     1 |       |       ||     1
       Beef jerky        |       |       |     2 |       ||     2
Armor: Leather armour    |    75 |    22 |       |       ||    97
       Chain mail        |       |   206 |   462 |   474 ||  1142
       Skin              |       |    24 |       |       ||    24
Dodge: Dodged            |   131 |   149 |   225 |   314 ||   819
